 Dungeon Crawl Stone Soup version 0.20.1-1-g8b1a95d (console) character file.

79 hilaritas the Chiller (level 4, -3/24 HPs)
             Began as a Deep Elf Ice Elementalist on Sept 5, 2017.
             Slain by p0werm0de's ghost (10 damage)
             ... on level 3 of the Dungeon.
             The game lasted 00:05:59 (1663 turns).

hilaritas the Chiller (Deep Elf Ice Elementalist)   Turns: 1663, Time: 00:06:00

Health: -3/24      AC:  8    Str:  6    XL:     4   Next: 17%
Magic:  1/10       EV: 13    Int: 20    God:
Gold:   129        SH:  0    Dex: 15    Spells: 3/9 levels left

rFire    . . .     SeeInvis .   k - +0 dagger
rCold    . . .     Gourm    .   (no shield)
rNeg     . . .     Faith    .   a - +0 robe
rPois    .         Spirit   .   (no helmet)
rElec    .         Reflect  .   (no cloak)
rCorr    .         Harm     .   (no gloves)
MR       .....                  (no boots)
Stlth    ++........             (no amulet)
Regen    0.1/turn               (no ring)
MPRegen  0.2/turn               (no ring)

@: icy armour, slow
A: no striking features
a: no special abilities


You were on level 3 of the Dungeon.
You were not hungry.

You visited 1 branch of the dungeon, and saw 3 of its levels.

You collected 129 gold pieces.

Inventory:

Hand Weapons
 k - a +0 dagger (weapon)
Missiles
 f - 104 stones (quivered)
Armour
 a - a +0 robe (worn)
Scrolls
 d - 5 scrolls of identify {unknown}
 m - a scroll of remove curse {unknown}
 p - 2 scrolls of enchant armour {unknown}
 r - a scroll of blinking {unknown}
Potions
 e - a potion of invisibility {unknown}
 h - a potion of heal wounds {unknown}
 i - a potion of flight {unknown}
 j - 2 potions of berserk rage {unknown}
 n - 2 potions of ambrosia {unknown}
 o - a potion of resistance {unknown}
Books
 b - a book of Frost

   Spells                             Type                      Level
   a - Freeze                         Ice                          1
   b - Throw Frost                    Conjuration/Ice              2
   c - Ozocubu's Armour               Charms/Ice                   3
   d - Throw Icicle                   Conjuration/Ice              4
   e - Summon Ice Beast               Ice/Summoning                4
Comestibles
 c - 3 bread rations
 g - 3 chunks of flesh
 l - 2 meat rations
 q - a royal jelly


   Skills:
 - Level 2.4 Dodging
 - Level 2.4 Stealth
 - Level 3.0 Spellcasting
 * Level 2.3 Conjurations
 + Level 5.0 Ice Magic


You had 3 spell levels left.
You knew the following spells:

 Your Spells              Type           Power        Failure   Level  Hunger
a - Freeze                Ice            ###.         1%          1    None
b - Throw Frost           Conj/Ice       ###...       4%          2    ##.....
c - Ozocubu's Armour      Chrm/Ice       ##......     16%         3    ###....


Dungeon Overview and Level Annotations

Branches:
Dungeon (3/15)

Altars:

Annotations:
D:3 p0werm0de's ghost, amateur DsBe


Message History

You freeze p0werm0de's ghost.
P0werm0de's ghost is severely damaged.
P0werm0de's ghost closely misses you.
You hit p0werm0de's ghost but do no damage.
P0werm0de's ghost is severely damaged.
P0werm0de's ghost misses you.
You closely miss p0werm0de's ghost.
P0werm0de's ghost is severely damaged.
P0werm0de's ghost hits you.
* * * LOW HITPOINT WARNING * * *
You hit p0werm0de's ghost but do no damage.
P0werm0de's ghost is severely damaged.
P0werm0de's ghost barely misses you.
You closely miss p0werm0de's ghost.
P0werm0de's ghost is severely damaged.
P0werm0de's ghost hits you but does no damage.
You hit p0werm0de's ghost but do no damage.
P0werm0de's ghost is severely damaged.
P0werm0de's ghost hits you!
You die...

#.# ### #.# ..# #.# ###
#.# #.# ... #.# #.# #.#
#.# #.# #.# #.# #.#
#.####.######.### ##
#.#.....รท........
#...###...........#.#.#
#..W@...##.##.#......
#$..###...##.##........
## #...##.####....##
.....##.# ....##
####.....# ....#
..##... ....### #.# .##
#.. #.# # #.# #.# #.#
#.#


You could see p0werm0de's ghost.

Vanquished Creatures
  Jessica (D:3)
  2 adders
  2 leopard geckos (D:1)
  An orc (D:3)
  A giant cockroach (D:1)
  4 goblins
  3 hobgoblins (D:1)
  A jackal (D:2)
  4 kobolds
  A quokka (D:2)
  A ball python (D:1)
  6 bats
  2 frilled lizards
  5 rats
34 creatures vanquished.

Notes
Turn   | Place    | Note
-------+----------+-------------------------------------------
     0 | D:1      | hilaritas the Deep Elf Ice Elementalist began the quest for the Orb.
     0 | D:1      | Reached XP level 1. HP: 10/10 MP: 6/6
   268 | D:1      | Reached XP level 2. HP: 15/15 MP: 4/8
   272 | D:1      | Learned a level 2 spell: Throw Frost
   310 | D:1      | Reached skill level 4 in Ice Magic
   881 | D:2      | Reached XP level 3. HP: 19/19 MP: 5/9
   886 | D:2      | Learned a level 3 spell: Ozocubu's Armour
  1573 | D:3      | Noticed Jessica
  1579 | D:3      | Killed Jessica
  1579 | D:3      | Reached skill level 5 in Ice Magic
  1579 | D:3      | Reached XP level 4. HP: 8/24 MP: 6/10
  1653 | D:3      | Noticed p0werm0de's ghost (amateur DsBe)
  1663 | D:3      | Slain by p0werm0de's ghost

Skill      XL: |  1  2  3 |
---------------+----------+-----
Ice Magic      | 4 5 |  5.0
Conjurations   | 2 |  2.3
Dodging        | |  2.4
Stealth        | |  2.4
Spellcasting   | |  3.0

Action                   |  1- 3 |  4- 6 || total
-------------------------+-------+-------++-------
Melee: Unarmed           |     2 |       ||     2
       Dagger            |     1 |     5 ||     6
 Cast: Freeze            |    48 |     5 ||    53
       Throw Frost       |       |     3 ||     3
       Ozocubu's Armour  |       |     1 ||     1
  Eat: Chunk             |     2 |       ||     2
Armor: Robe              |     4 |     1 ||     5
Dodge: Dodged            |    28 |     5 ||    33
